 Dungeon Crawl Stone Soup version 0.16-a0-2611-g6d04fdd (webtiles) character file.

32 Hedron the Charmwright (level 3, -4/24 HPs)
             Began as a High Elf Skald on Nov 22, 2014.
             Slain by a gnoll
             ... wielding a +4 spear
              (12 damage)
             ... on level 2 of the Dungeon.
             The game lasted 00:06:36 (1301 turns).

Hedron the Charmwright (High Elf Skald)             Turns: 1301, Time: 00:06:36

Health: -4/24      AC:  3    Str: 11    XL:     3   Next: 8%
Magic:  3/8        EV: 10    Int: 16    God:
Gold:   91         SH:  0    Dex: 15    Spells: 3 memorised, 1 level left

rFire  . . .     SeeInvis .     a - +1 falchion
rCold  . . .     Clarity  .     b - +0 leather armour
rNeg   . . .     SustAb   .     (no shield)
rPois  .         Gourm    .     (no helmet)
rElec  .         Spirit   .     (no cloak)
rCorr  .         Warding  .     (no gloves)
rMut   .         Stasis   .     (no boots)
MR     .....                    (no amulet)
Stlth  +.........               (no ring)
                                l - +2 ring of slaying

@: singing, very slightly contaminated, not resistant to hostile enchantments,
very unstealthy
A: no striking features
a: Stop Singing


You were on level 2 of the Dungeon.
You were hungry.

You visited 1 branch of the dungeon, and saw 2 of its levels.

You collected 91 gold pieces.

Inventory:

Hand weapons
 a - a +1 falchion (weapon)
Armour
 b - a +0 leather armour (worn)
Jewellery
 l - a +2 ring of slaying (left hand)
Scrolls
 e - a scroll of remove curse {unknown}
 j - a scroll of identify
Potions
 f - a potion of haste
 h - a potion of curing
Books
 c - a book of Battle

   Spells                             Type                      Level
   *Infusion                          Charms                       1
   *Shroud of Golubria                Charms/Translocation         2
   *Song of Slaying                   Charms                       2
   Spectral Weapon                    Hexes/Charms                 3
   Regeneration                       Charms/Necromancy            3
Comestibles
 d - a bread ration
 g - a meat ration


   Skills:
 - Level 2.0 Fighting
 + Level 3.6 Long Blades
 - Level 0.8 Armour
 - Level 1.1 Dodging
 - Level 2.4 Spellcasting
 + Level 4.3 Charms


You had one spell level left.
You knew the following spells:

 Your Spells              Type           Power        Failure   Level  Hunger
a - Infusion              Chrm           ###...       4%          1    #......
b - Song of Slaying       Chrm           ###.....     8%          2    ###....
c - Shroud of Golubria    Chrm/Tloc      #.........   14%         2    ###....


Dungeon Overview and Level Annotations

Branches:
Dungeon (2/15)

Altars:
Ru
Trog


Message History

You have reached level 3!
Your experience leads to an increase in your attributes!
Increase (S)trength, (I)ntelligence, or (D)exterity?
You feel clever.
You feel agile.
The gnoll hits you from afar with an enchanted spear.
Drink which item? (? for menu, Esc to quit)
You feel better. The gnoll closely misses you.
The gnoll hits you with an enchanted spear!
You slash the gnoll!
The gnoll is heavily wounded.
The gnoll closely misses you.
You hit the gnoll.
The gnoll is severely wounded.
You are feeling hungry.
The gnoll barely misses you.
You hit the gnoll.
The gnoll is almost dead.
The gnoll hits you with an enchanted spear!
Ouch! That really hurt!
You die...

######.# .......# #####..# #
###### .....# ########.
####.# ############........>
...#.# .........@gg...####...
##.#.#.###########.........._
.#.#.#.# #>........#.####...
....)..# #.######......#
.#.#.### #.# #..###.#
##.#.######.####....# ...
...#.#............... ##.
####.#####...###...... .....#
#.............#


You could see a gnoll and a goblin.

Vanquished Creatures
  An adder (D:2)
  A giant gecko (D:1)
  3 giant cockroaches (D:1)
  3 hobgoblins (D:1)
  4 kobolds (D:1)
  4 bats
  3 giant newts (D:1)
  3 goblins
  A rat (D:1)
  A plant (D:1)
24 creatures vanquished.

Notes
Turn   | Place    | Note
--------------------------------------------------------------
     0 | D:1      | Hedron, the High Elf Skald, began the quest for the Orb.
     0 | D:1      | Reached XP level 1. HP: 14/14 MP: 4/4
   395 | D:1      | Reached XP level 2. HP: 10/19 MP: 6/6
   547 | D:1      | Learned a level 2 spell: Song of Slaying
   550 | D:1      | Learned a level 2 spell: Shroud of Golubria
   636 | D:1      | Reached skill level 4 in Charms
  1171 | D:2      | Found a sacrificial altar of Ru.
  1283 | D:2      | Found a bloodstained altar of Trog.
  1296 | D:2      | Reached XP level 3. HP: 12/24 MP: 2/8
  1301 | D:2      | Slain by a gnoll

Action                   || total
-------------------------++-------
Melee: Falchion          ||    92
 Cast: Song of Slaying   ||     2
 Abil: Stop Singing      ||     1
  Use: Scroll            ||     6
       Potion            ||     2
  Eat: Chunk             ||     1
